Sharks vs Kings

Created - November 5 2010 at 17:53

Goals
1 2 3 T
Sharks 0 1 0 1
Kings 1 0 1 2
Shots
1 2 3 T
Sharks 9 14 16 39
Kings 13 8 7 28

Period #1

1. Kings , Matt Duchene 6 (Jamie McBain, Michael Frolik) at 2:30

Penalties :
Mark Stuart (SJS) for Interference (Minor) at 3:54, Bryan McCabe (SJS) for Charging (Minor) at 4:28, Cory Sarich (LOS) for Holding (Minor) at 12:39

Period #2

2. Sharks , Bryan McCabe 4 (Shane Doan, Francois Beauchemin) at 8:34 (PP)

Penalties :
Cory Sarich (LOS) for High sticking (Minor) at 4:33, Jarret Stoll (SJS) for Hooking (Minor) at 5:42, Johnny Boychuk (SJS) for High sticking (Minor) at 5:53, Cory Sarich (LOS) for Holding (Minor) at 8:14, Sean Bergenheim (LOS) for Interference (Minor) at 11:21, Mark Stuart (SJS) for Spearing (Major / Game Misconduct) at 13:33, Bryan McCabe (SJS) for Holding (Minor) at 17:44

Period #3

3. Kings , Darroll Powe 4 (Daniel Winnik, Mike Lundin) at 19:14 (PP)

Penalties :
Bryan Allen (LOS) for Roughing (Minor) at 4:50, Cory Sarich (LOS) for Slashing (Minor) at 12:32, Bryan Allen (LOS) for High sticking (Minor) at 13:01, Michael Del Zotto (LOS) for Hooking (Minor) at 15:29, Jarret Stoll (SJS) for Tripping (Minor) at 16:08, Jarret Stoll (SJS) for Hooking (Minor) at 18:11

Goalie Stats

Martin Brodeur (SJS), 26 saves from 28 shots - (0.929), L, 2-7-1, 59:54 minutes
Ondrej Pavelec (LOS), 38 saves from 39 shots - (0.974), W, 3-6-2, 60:00 minutes

Players Stats

Sharks
Player Name              G  A  P  +/- PIM S  H  SB FO    MP 
------------------------------------------------------------
Alex Tanguay             0  0  0  -1  0   4  0  0  1/2   11 
Blake Comeau             0  0  0   0  0   4  1  0  1/1   19 
Brad Staubitz            0  0  0   0  0   2  3  0  0/0   11 
Bryan McCabe             1  0  1  -1  4   4  2  0  0/0   23 
Dainius Zubrus           0  0  0   0  0   0  0  0  1/1   16 
Erik Christensen         0  0  0  -1  0   1  0  0  5/11  8  
Francois Beauchemin      0  1  1   0  0   2  1  0  0/0   25 
Jarret Stoll             0  0  0   0  6   2  1  0  19/33 20 
Johnny Boychuk           0  0  0   0  2   1  2  0  0/0   20 
Kamil Kreps              0  0  0   0  0   2  0  0  10/15 14 
Marc Savard              0  0  0   0  0   1  0  0  20/29 15 
Marek Zidlicky           0  0  0   0  0   3  0  4  0/0   24 
Mark Stuart              0  0  0   0  17  0  0  0  0/0   9  
Mason Raymond            0  0  0   0  0   5  1  0  1/2   15 
Nick Foligno             0  0  0  -1  0   0  3  0  0/0   8  
Shane Doan               0  1  1   0  0   4  3  0  0/3   15 
Shane OBrien             0  0  0  -1  0   1  1  1  0/0   16 
Tom Kostopoulos          0  0  0   0  0   3  0  1  0/0   11 
Kings
Player Name              G  A  P  +/- PIM S  H  SB FO    MP 
------------------------------------------------------------
Bryan Allen              0  0  0   0  4   1  4  0  0/0   21 
Byron Bitz               0  0  0   0  0   1  3  0  0/4   13 
Cory Sarich              0  0  0   0  8   0  5  0  0/0   12 
Craig Adams              0  0  0   0  0   1  3  0  0/1   14 
Craig Conroy             0  0  0   0  0   1  0  0  9/24  16 
Daniel Winnik            0  1  1   0  0   6  0  1  3/3   22 
Darroll Powe             1  0  1   0  0   2  2  1  11/22 19 
Ethan Moreau             0  0  0   0  0   2  0  0  0/0   19 
Jamie McBain             0  1  1   1  0   3  0  3  0/0   23 
Jay Pandolfo             0  0  0   0  0   0  0  0  0/0   2  
Kent Huskins             0  0  0   0  0   1  1  1  0/0   19 
Martin Skoula            0  0  0   0  0   0  0  0  0/0   0  
Matt Duchene             1  0  1   1  0   4  0  0  15/40 23 
Michael Del Zotto        0  0  0   1  2   0  1  2  0/0   22 
Michael Frolik           0  1  1   1  0   1  2  0  0/1   19 
Mike Lundin              0  1  1   0  0   2  0  2  0/0   21 
Sean Bergenheim          0  0  0   1  2   3  2  0  1/2   21 
Sergei Samsonov          0  0  0   0  0   0  0  0  0/0   0  

3 Stars

1 - Ondrej Pavelec (LOS)
2 - Darroll Powe (LOS)
3 - Matt Duchene (LOS)

Power Play

Sharks - 1 on 8 Attempt(s) - 12.50%
Kings - 1 on 8 Attempt(s) - 12.50%

Penalty Kill

Sharks - 7 on 8 Attempt(s) - 87.50% - Score 0 goal in Penalty Kill
Kings - 7 on 8 Attempt(s) - 87.50% - Score 0 goal in Penalty Kill

Game Notes

Mark Stuart ejected from game at 13:33 of 2nd period
Mark Stuart from Sharks is suspended for 2 game(s)

Finance

Level 1 -- Attendance: 6500 (100.00%) -- Ticket Income $520,000.00
Level 2 -- Attendance: 5000 (100.00%) -- Ticket Income $250,000.00
Level 3 -- Attendance: 2629 (75.11%) -- Ticket Income $92,015.00
Level 4 -- Attendance: 2118 (100.00%) -- Ticket Income $42,360.00
Luxury Box -- Attendance: 782 (78.20%) -- Ticket Income $156,400.00
Game was played at the Staples Center
Total Attendance: 17029 (93.99%)
Total Ticket Income: $1,115,328.00
Other Income: $157,408.50
Total Income: $1,272,736.00


Play by Play

Period #1

0:01 of 1st period - Marc Savard wins face-off versus Matt Duchene in neutral zone.
0:04 of 1st period - Michael Del Zotto is hit by Mason Raymond and loses puck.
0:39 of 1st period - Off-side.
0:40 of 1st period - Jarret Stoll wins face-off versus Darroll Powe in neutral zone.
0:51 of 1st period - Shot by Jarret Stoll.
0:51 of 1st period - Shot Blocked by Mike Lundin.
1:17 of 1st period - Shot by Jarret Stoll.
1:17 of 1st period - Shot Misses the Net.
1:19 of 1st period - Shot by Blake Comeau.
1:19 of 1st period - Shot Misses the Net.
2:20 of 1st period - Icing by Bryan McCabe.
2:21 of 1st period - Matt Duchene wins face-off versus Erik Christensen in Sharks zone.
2:22 of 1st period - Shot by Michael Frolik.
2:22 of 1st period - Shot Misses the Net.
2:24 of 1st period - Shot by Matt Duchene.
2:24 of 1st period - Shot Misses the Net.
2:26 of 1st period - Shot by Jamie McBain.
2:26 of 1st period - Stopped by Martin Brodeur with a rebound.
2:28 of 1st period - Shot by Jamie McBain.
2:28 of 1st period - Stopped by Martin Brodeur with a rebound.
2:30 of 1st period - Shot by Matt Duchene.
2:30 of 1st period - Goal by Matt Duchene - Sharks : 0 - Kings : 1.
2:31 of 1st period - Marc Savard wins face-off versus Matt Duchene in neutral zone.
2:36 of 1st period - Shot by Mason Raymond.
2:36 of 1st period - Stopped by Ondrej Pavelec without a rebound.
2:37 of 1st period - Jarret Stoll wins face-off versus Matt Duchene in Kings zone.
2:45 of 1st period - Blake Comeau is hit by Michael Del Zotto and loses puck.
2:52 of 1st period - Shot by Michael Frolik.
2:52 of 1st period - Stopped by Martin Brodeur without a rebound.
2:53 of 1st period - Darroll Powe wins face-off versus Erik Christensen in Sharks zone.
3:18 of 1st period - Shot by Alex Tanguay.
3:18 of 1st period - Stopped by Ondrej Pavelec without a rebound.
3:19 of 1st period - Kamil Kreps wins face-off versus Byron Bitz in Kings zone.
3:24 of 1st period - Shot by Kamil Kreps.
3:24 of 1st period - Shot Misses the Net.
3:28 of 1st period - Shot by Tom Kostopoulos.
3:28 of 1st period - Stopped by Ondrej Pavelec without a rebound.
3:29 of 1st period - Sean Bergenheim wins face-off versus Jarret Stoll in Kings zone.
3:29 of 1st period - Sean Bergenheim is hit by Blake Comeau.
3:47 of 1st period - Shot by Matt Duchene.
3:47 of 1st period - Stopped by Martin Brodeur without a rebound.
3:48 of 1st period - Craig Conroy wins face-off versus Kamil Kreps in Sharks zone.
3:54 of 1st period - Minor Penalty to Mark Stuart for Interference.
3:55 of 1st period - Darroll Powe wins face-off versus Marc Savard in Sharks zone.
4:21 of 1st period - Shot by Daniel Winnik.
4:21 of 1st period - Stopped by Martin Brodeur without a rebound.
4:22 of 1st period - Matt Duchene wins face-off versus Marc Savard in Sharks zone.
4:28 of 1st period - Minor Penalty to Bryan McCabe for Charging.
4:29 of 1st period - Kamil Kreps wins face-off versus Matt Duchene in Sharks zone.
4:29 of 1st period - Kamil Kreps is hit by Sean Bergenheim.
4:41 of 1st period - Shot by Matt Duchene.
4:41 of 1st period - Stopped by Martin Brodeur without a rebound.
4:42 of 1st period - Matt Duchene wins face-off versus Kamil Kreps in Sharks zone.
5:13 of 1st period - Shot by Matt Duchene.
5:13 of 1st period - Stopped by Martin Brodeur without a rebound.
5:14 of 1st period - Jarret Stoll wins face-off versus Darroll Powe in Sharks zone.
5:47 of 1st period - Shot by Ethan Moreau.
5:47 of 1st period - Stopped by Martin Brodeur without a rebound.
5:48 of 1st period - Matt Duchene wins face-off versus Jarret Stoll in Sharks zone.
6:07 of 1st period - Shot by Matt Duchene.
6:07 of 1st period - Shot Misses the Net.
6:09 of 1st period - Shot by Jamie McBain.
6:09 of 1st period - Stopped by Martin Brodeur without a rebound.
6:10 of 1st period - Darroll Powe wins face-off versus Jarret Stoll in Sharks zone.
6:45 of 1st period - Shot by Erik Christensen.
6:45 of 1st period - Stopped by Ondrej Pavelec with a rebound.
6:49 of 1st period - Shot by Bryan McCabe.
6:49 of 1st period - Stopped by Ondrej Pavelec without a rebound.
6:50 of 1st period - Kamil Kreps wins face-off versus Byron Bitz in Kings zone.
7:52 of 1st period - Shot by Daniel Winnik.
7:52 of 1st period - Stopped by Martin Brodeur without a rebound.
7:53 of 1st period - Erik Christensen wins face-off versus Michael Frolik in Sharks zone.
8:04 of 1st period - Michael Frolik is hit by Nick Foligno and loses puck.
8:43 of 1st period - Off-side.
8:44 of 1st period - Jarret Stoll wins face-off versus Craig Conroy in neutral zone.
8:44 of 1st period - Marek Zidlicky is hit by Craig Adams and loses puck.
8:48 of 1st period - Johnny Boychuk is hit by Cory Sarich and loses puck.
10:14 of 1st period - Bryan Allen is hit by Brad Staubitz.
10:59 of 1st period - Shot by Matt Duchene.
10:59 of 1st period - Shot Misses the Net.
12:39 of 1st period - Minor Penalty to Cory Sarich for Holding.
12:40 of 1st period - Jarret Stoll wins face-off versus Matt Duchene in Kings zone.
12:43 of 1st period - Shot by Johnny Boychuk.
12:43 of 1st period - Stopped by Ondrej Pavelec without a rebound.
12:44 of 1st period - Matt Duchene wins face-off versus Marc Savard in Kings zone.
12:57 of 1st period - Shot by Marc Savard.
12:57 of 1st period - Shot Misses the Net.
12:59 of 1st period - Shot by Marek Zidlicky.
12:59 of 1st period - Shot Misses the Net.
13:01 of 1st period - Shot by Shane Doan.
13:01 of 1st period - Stopped by Ondrej Pavelec without a rebound.
13:02 of 1st period - Jarret Stoll wins face-off versus Matt Duchene in Kings zone.
14:11 of 1st period - Shot by Shane Doan.
14:11 of 1st period - Stopped by Ondrej Pavelec with a rebound.
14:51 of 1st period - Shot by Alex Tanguay.
14:51 of 1st period - Stopped by Ondrej Pavelec without a rebound.
14:52 of 1st period - Craig Conroy wins face-off versus Erik Christensen in Kings zone.
15:02 of 1st period - Michael Frolik is hit by Shane OBrien and loses puck.
15:20 of 1st period - Icing by Bryan McCabe.
15:21 of 1st period - Darroll Powe wins face-off versus Erik Christensen in Sharks zone.
15:31 of 1st period - Ethan Moreau is hit by Bryan McCabe and loses puck.
16:05 of 1st period - Icing by Jamie McBain.
16:06 of 1st period - Matt Duchene wins face-off versus Kamil Kreps in Kings zone.
16:06 of 1st period - Matt Duchene is hit by Brad Staubitz.
17:13 of 1st period - Shot by Darroll Powe.
17:13 of 1st period - Shot Blocked by Tom Kostopoulos.
17:15 of 1st period - Shot by Daniel Winnik.
17:15 of 1st period - Stopped by Martin Brodeur without a rebound.
17:16 of 1st period - Matt Duchene wins face-off versus Jarret Stoll in Sharks zone.
17:19 of 1st period - Shot by Sean Bergenheim.
17:19 of 1st period - Stopped by Martin Brodeur without a rebound.
17:20 of 1st period - Jarret Stoll wins face-off versus Matt Duchene in Sharks zone.
17:28 of 1st period - Matt Duchene is hit by Johnny Boychuk and loses puck.
19:49 of 1st period - Shot by Dainius Zubrus.
19:49 of 1st period - Shot Misses the Net.

Period #2

0:01 of 2nd period - Marc Savard wins face-off versus Matt Duchene in neutral zone.
0:06 of 2nd period - Shot by Shane Doan.
0:06 of 2nd period - Stopped by Ondrej Pavelec without a rebound.
0:07 of 2nd period - Jarret Stoll wins face-off versus Darroll Powe in Kings zone.
0:36 of 2nd period - Shot by Dainius Zubrus.
0:36 of 2nd period - Shot Misses the Net.
1:18 of 2nd period - Marc Savard is hit by Michael Frolik and loses puck.
2:01 of 2nd period - Shot by Shane OBrien.
2:01 of 2nd period - Stopped by Ondrej Pavelec without a rebound.
2:02 of 2nd period - Craig Conroy wins face-off versus Alex Tanguay in Kings zone.
2:06 of 2nd period - Icing by Kent Huskins.
2:07 of 2nd period - Kamil Kreps wins face-off versus Craig Conroy in Kings zone.
2:07 of 2nd period - Tom Kostopoulos is hit by Cory Sarich and loses puck.
2:35 of 2nd period - Shot by Byron Bitz.
2:35 of 2nd period - Stopped by Martin Brodeur without a rebound.
2:36 of 2nd period - Darroll Powe wins face-off versus Jarret Stoll in Sharks zone.
2:41 of 2nd period - Shot by Darroll Powe.
2:41 of 2nd period - Shot Misses the Net.
2:43 of 2nd period - Shot by Darroll Powe.
2:43 of 2nd period - Shot Misses the Net.
2:51 of 2nd period - Shot by Daniel Winnik.
2:51 of 2nd period - Stopped by Martin Brodeur without a rebound.
2:52 of 2nd period - Erik Christensen wins face-off versus Darroll Powe in Sharks zone.
3:15 of 2nd period - Shot by Alex Tanguay.
3:15 of 2nd period - Shot Misses the Net.
3:17 of 2nd period - Shot by Bryan McCabe.
3:17 of 2nd period - Stopped by Ondrej Pavelec with a rebound.
3:38 of 2nd period - Icing by Mike Lundin.
3:39 of 2nd period - Jarret Stoll wins face-off versus Darroll Powe in Kings zone.
4:10 of 2nd period - Shot by Blake Comeau.
4:10 of 2nd period - Stopped by Ondrej Pavelec with a rebound.
4:14 of 2nd period - Shot by Blake Comeau.
4:14 of 2nd period - Shot Blocked by Daniel Winnik.
4:16 of 2nd period - Shot by Marek Zidlicky.
4:16 of 2nd period - Stopped by Ondrej Pavelec without a rebound.
4:17 of 2nd period - Matt Duchene wins face-off versus Kamil Kreps in Kings zone.
4:22 of 2nd period - Shot by Tom Kostopoulos.
4:22 of 2nd period - Shot Misses the Net.
4:24 of 2nd period - Shot by Brad Staubitz.
4:24 of 2nd period - Stopped by Ondrej Pavelec with a rebound.
4:28 of 2nd period - Shot by Tom Kostopoulos.
4:28 of 2nd period - Stopped by Ondrej Pavelec without a rebound.
4:29 of 2nd period - Marc Savard wins face-off versus Craig Conroy in Kings zone.
4:29 of 2nd period - Marc Savard is hit by Cory Sarich.
4:33 of 2nd period - Shot by Mason Raymond.
4:33 of 2nd period - Stopped by Ondrej Pavelec without a rebound.
4:33 of 2nd period - Minor Penalty to Cory Sarich for High sticking.
4:34 of 2nd period - Craig Conroy wins face-off versus Mason Raymond in Kings zone.
5:13 of 2nd period - Shot by Francois Beauchemin.
5:13 of 2nd period - Stopped by Ondrej Pavelec without a rebound.
5:14 of 2nd period - Jarret Stoll wins face-off versus Matt Duchene in Kings zone.
5:42 of 2nd period - Minor Penalty to Jarret Stoll for Hooking.
5:43 of 2nd period - Matt Duchene wins face-off versus Shane Doan in Sharks zone.
5:53 of 2nd period - Minor Penalty to Johnny Boychuk for High sticking.
5:54 of 2nd period - Kamil Kreps wins face-off versus Matt Duchene in Sharks zone.
6:12 of 2nd period - Off-side.
6:13 of 2nd period - Daniel Winnik wins face-off versus Marc Savard in neutral zone.
7:52 of 2nd period - Shot by Sean Bergenheim.
7:52 of 2nd period - Stopped by Martin Brodeur without a rebound.
7:53 of 2nd period - Jarret Stoll wins face-off versus Craig Conroy in Sharks zone.
8:14 of 2nd period - Minor Penalty to Cory Sarich for Holding.
8:15 of 2nd period - Marc Savard wins face-off versus Craig Conroy in Kings zone.
8:18 of 2nd period - Shot by Marc Savard.
8:18 of 2nd period - Shot Misses the Net.
8:20 of 2nd period - Shot by Bryan McCabe.
8:20 of 2nd period - Shot Blocked by Kent Huskins.
8:22 of 2nd period - Shot by Mason Raymond.
8:22 of 2nd period - Stopped by Ondrej Pavelec without a rebound.
8:23 of 2nd period - Marc Savard wins face-off versus Craig Conroy in Kings zone.
8:34 of 2nd period - Shot by Bryan McCabe.
8:34 of 2nd period - Goal by Bryan McCabe - Sharks : 1 - Kings : 1.
8:35 of 2nd period - Kamil Kreps wins face-off versus Craig Conroy in neutral zone.
8:35 of 2nd period - Kamil Kreps is hit by Byron Bitz.
8:51 of 2nd period - Shot by Brad Staubitz.
8:51 of 2nd period - Stopped by Ondrej Pavelec without a rebound.
8:52 of 2nd period - Jarret Stoll wins face-off versus Sean Bergenheim in Kings zone.
9:38 of 2nd period - Icing by Marek Zidlicky.
9:39 of 2nd period - Craig Conroy wins face-off versus Jarret Stoll in Sharks zone.
10:05 of 2nd period - Erik Christensen is hit by Cory Sarich and loses puck.
10:22 of 2nd period - Shot by Alex Tanguay.
10:22 of 2nd period - Stopped by Ondrej Pavelec without a rebound.
10:23 of 2nd period - Kamil Kreps wins face-off versus Darroll Powe in Kings zone.
11:21 of 2nd period - Minor Penalty to Sean Bergenheim for Interference.
11:22 of 2nd period - Marc Savard wins face-off versus Matt Duchene in Kings zone.
12:08 of 2nd period - Icing by Mason Raymond.
12:09 of 2nd period - Matt Duchene wins face-off versus Shane Doan in Sharks zone.
12:18 of 2nd period - Craig Adams is hit by Shane Doan and loses puck.
13:33 of 2nd period - Major / Game Misconduct Penalty to Mark Stuart for Spearing.
13:33 of 2nd period - Mark Stuart is ejected from game.
13:34 of 2nd period - Marc Savard wins face-off versus Matt Duchene in Sharks zone.
13:43 of 2nd period - Shot by Michael Frolik.
13:43 of 2nd period - Deflect By Sean Bergenheim.
13:43 of 2nd period - Shot Misses the Net.
14:19 of 2nd period - Shot by Mike Lundin.
14:19 of 2nd period - Shot Blocked by Marek Zidlicky.
14:21 of 2nd period - Shot by Darroll Powe.
14:21 of 2nd period - Shot Misses the Net.
15:11 of 2nd period - Icing by Jamie McBain.
15:12 of 2nd period - Blake Comeau wins face-off versus Matt Duchene in Kings zone.
15:50 of 2nd period - Shot by Darroll Powe.
15:50 of 2nd period - Stopped by Martin Brodeur without a rebound.
15:51 of 2nd period - Jarret Stoll wins face-off versus Craig Adams in Sharks zone.
16:33 of 2nd period - Off-side.
16:34 of 2nd period - Mason Raymond wins face-off versus Matt Duchene in neutral zone.
16:55 of 2nd period - Shot by Matt Duchene.
16:55 of 2nd period - Shot Misses the Net.
16:59 of 2nd period - Shot by Matt Duchene.
16:59 of 2nd period - Shot Blocked by Marek Zidlicky.
17:01 of 2nd period - Shot by Sean Bergenheim.
17:01 of 2nd period - Stopped by Martin Brodeur without a rebound.
17:02 of 2nd period - Marc Savard wins face-off versus Darroll Powe in Sharks zone.
17:27 of 2nd period - Shot by Mike Lundin.
17:27 of 2nd period - Deflect By Ethan Moreau.
17:27 of 2nd period - Stopped by Martin Brodeur without a rebound.
17:28 of 2nd period - Darroll Powe wins face-off versus Marc Savard in Sharks zone.
17:29 of 2nd period - Shot by Kent Huskins.
17:29 of 2nd period - Stopped by Martin Brodeur without a rebound.
17:30 of 2nd period - Marc Savard wins face-off versus Darroll Powe in Sharks zone.
17:44 of 2nd period - Minor Penalty to Bryan McCabe for Holding.
17:45 of 2nd period - Jarret Stoll wins face-off versus Matt Duchene in Sharks zone.
18:44 of 2nd period - Shot by Mike Lundin.
18:44 of 2nd period - Stopped by Martin Brodeur without a rebound.
18:45 of 2nd period - Marc Savard wins face-off versus Matt Duchene in Sharks zone.
18:58 of 2nd period - Shot by Kent Huskins.
18:58 of 2nd period - Shot Misses the Net.
19:10 of 2nd period - Johnny Boychuk is hit by Craig Adams and loses puck.
19:29 of 2nd period - Shot by Blake Comeau.
19:29 of 2nd period - Stopped by Ondrej Pavelec without a rebound.
19:30 of 2nd period - Marc Savard wins face-off versus Craig Conroy in Kings zone.

Period #3

0:01 of 3rd period - Matt Duchene wins face-off versus Marc Savard in neutral zone.
0:29 of 3rd period - Off-side.
0:30 of 3rd period - Darroll Powe wins face-off versus Jarret Stoll in neutral zone.
0:58 of 3rd period - Jarret Stoll is hit by Bryan Allen and loses puck.
1:10 of 3rd period - Icing by Johnny Boychuk.
1:11 of 3rd period - Dainius Zubrus wins face-off versus Craig Conroy in Sharks zone.
1:11 of 3rd period - Dainius Zubrus is hit by Craig Adams.
1:14 of 3rd period - Icing by Jarret Stoll.
1:15 of 3rd period - Matt Duchene wins face-off versus Jarret Stoll in Sharks zone.
1:19 of 3rd period - Matt Duchene is hit by Johnny Boychuk and loses puck.
1:29 of 3rd period - Off-side.
1:30 of 3rd period - Marc Savard wins face-off versus Craig Conroy in neutral zone.
1:44 of 3rd period - Craig Adams is hit by Shane Doan.
1:57 of 3rd period - Mason Raymond is hit by Byron Bitz and loses puck.
2:52 of 3rd period - Shot by Tom Kostopoulos.
2:52 of 3rd period - Stopped by Ondrej Pavelec without a rebound.
2:53 of 3rd period - Erik Christensen wins face-off versus Darroll Powe in Kings zone.
2:56 of 3rd period - Shot by Alex Tanguay.
2:56 of 3rd period - Stopped by Ondrej Pavelec without a rebound.
2:57 of 3rd period - Darroll Powe wins face-off versus Erik Christensen in Kings zone.
3:03 of 3rd period - Shot by Mike Lundin.
3:03 of 3rd period - Stopped by Martin Brodeur without a rebound.
3:04 of 3rd period - Darroll Powe wins face-off versus Jarret Stoll in Sharks zone.
3:16 of 3rd period - Shot by Daniel Winnik.
3:16 of 3rd period - Stopped by Martin Brodeur without a rebound.
3:17 of 3rd period - Kamil Kreps wins face-off versus Craig Conroy in Sharks zone.
4:09 of 3rd period - Icing by Marek Zidlicky.
4:10 of 3rd period - Matt Duchene wins face-off versus Jarret Stoll in Sharks zone.
4:18 of 3rd period - Off-side.
4:19 of 3rd period - Erik Christensen wins face-off versus Darroll Powe in neutral zone.
4:26 of 3rd period - Daniel Winnik is hit by Nick Foligno and loses puck.
4:38 of 3rd period - Erik Christensen is hit by Bryan Allen and loses puck.
4:50 of 3rd period - Minor Penalty to Bryan Allen for Roughing.
4:51 of 3rd period - Jarret Stoll wins face-off versus Matt Duchene in Kings zone.
5:00 of 3rd period - Shot by Mason Raymond.
5:00 of 3rd period - Shot Blocked by Jamie McBain.
5:28 of 3rd period - Shot by Jarret Stoll.
5:28 of 3rd period - Stopped by Ondrej Pavelec without a rebound.
5:29 of 3rd period - Craig Conroy wins face-off versus Marc Savard in Kings zone.
5:38 of 3rd period - Sean Bergenheim is hit by Shane Doan and loses puck.
5:47 of 3rd period - Shot by Shane Doan.
5:47 of 3rd period - Stopped by Ondrej Pavelec with a rebound.
5:49 of 3rd period - Shot by Francois Beauchemin.
5:49 of 3rd period - Stopped by Ondrej Pavelec without a rebound.
5:50 of 3rd period - Marc Savard wins face-off versus Craig Conroy in Kings zone.
5:50 of 3rd period - Shane Doan is hit by Kent Huskins and loses puck.
6:12 of 3rd period - Shot by Bryan McCabe.
6:12 of 3rd period - Stopped by Ondrej Pavelec without a rebound.
6:13 of 3rd period - Craig Conroy wins face-off versus Jarret Stoll in Kings zone.
6:22 of 3rd period - Cory Sarich is hit by Jarret Stoll and loses puck.
7:01 of 3rd period - Shot by Brad Staubitz.
7:01 of 3rd period - Shot Blocked by Darroll Powe.
7:05 of 3rd period - Shot by Kamil Kreps.
7:05 of 3rd period - Shot Misses the Net.
7:07 of 3rd period - Shot by Shane OBrien.
7:07 of 3rd period - Shot Misses the Net.
7:09 of 3rd period - Shot by Tom Kostopoulos.
7:09 of 3rd period - Shot Misses the Net.
7:13 of 3rd period - Shot by Kamil Kreps.
7:13 of 3rd period - Shot Blocked by Mike Lundin.
7:15 of 3rd period - Shot by Kamil Kreps.
7:15 of 3rd period - Stopped by Ondrej Pavelec with a rebound.
7:17 of 3rd period - Shot by Brad Staubitz.
7:17 of 3rd period - Shot Misses the Net.
7:19 of 3rd period - Shot by Kamil Kreps.
7:19 of 3rd period - Stopped by Ondrej Pavelec without a rebound.
7:20 of 3rd period - Craig Conroy wins face-off versus Erik Christensen in Kings zone.
7:28 of 3rd period - Cory Sarich is hit by Bryan McCabe and loses puck.
7:31 of 3rd period - Shot by Cory Sarich.
7:31 of 3rd period - Shot Blocked by Shane OBrien.
7:33 of 3rd period - Shot by Craig Conroy.
7:33 of 3rd period - Shot Misses the Net.
7:35 of 3rd period - Shot by Craig Conroy.
7:35 of 3rd period - Stopped by Martin Brodeur without a rebound.
7:36 of 3rd period - Jarret Stoll wins face-off versus Matt Duchene in Sharks zone.
7:36 of 3rd period - Jarret Stoll is hit by Michael Frolik.
7:46 of 3rd period - Shot by Jarret Stoll.
7:46 of 3rd period - Shot Blocked by Jamie McBain.
7:48 of 3rd period - Shot by Blake Comeau.
7:48 of 3rd period - Deflect By Dainius Zubrus.
7:48 of 3rd period - Shot Blocked by Michael Del Zotto.
7:50 of 3rd period - Shot by Jarret Stoll.
7:50 of 3rd period - Shot Misses the Net.
8:02 of 3rd period - Shot by Blake Comeau.
8:02 of 3rd period - Stopped by Ondrej Pavelec without a rebound.
8:03 of 3rd period - Kamil Kreps wins face-off versus Darroll Powe in Kings zone.
8:07 of 3rd period - Icing by Darroll Powe.
8:08 of 3rd period - Darroll Powe wins face-off versus Kamil Kreps in Kings zone.
9:08 of 3rd period - Shot by Jarret Stoll.
9:08 of 3rd period - Stopped by Ondrej Pavelec without a rebound.
9:09 of 3rd period - Erik Christensen wins face-off versus Matt Duchene in Kings zone.
9:18 of 3rd period - Matt Duchene is hit by Nick Foligno and loses puck.
9:37 of 3rd period - Shot by Matt Duchene.
9:37 of 3rd period - Shot Misses the Net.
10:11 of 3rd period - Craig Conroy is hit by Francois Beauchemin and loses puck.
10:20 of 3rd period - Francois Beauchemin is hit by Byron Bitz and loses puck.
10:33 of 3rd period - Shot by Craig Adams.
10:33 of 3rd period - Stopped by Martin Brodeur with a rebound.
10:48 of 3rd period - Francois Beauchemin is hit by Darroll Powe and loses puck.
11:03 of 3rd period - Blake Comeau is hit by Darroll Powe and loses puck.
11:52 of 3rd period - Shot by Kamil Kreps.
11:52 of 3rd period - Shot Blocked by Jamie McBain.
12:13 of 3rd period - Jamie McBain is hit by Brad Staubitz and loses puck.
12:31 of 3rd period - Marek Zidlicky is hit by Cory Sarich and loses puck.
12:32 of 3rd period - Minor Penalty to Cory Sarich for Slashing.
12:33 of 3rd period - Marc Savard wins face-off versus Craig Conroy in Kings zone.
12:38 of 3rd period - Shot by Marek Zidlicky.
12:38 of 3rd period - Stopped by Ondrej Pavelec without a rebound.
12:39 of 3rd period - Marc Savard wins face-off versus Craig Conroy in Kings zone.
12:47 of 3rd period - Marc Savard is hit by Bryan Allen.
13:00 of 3rd period - Mason Raymond is hit by Bryan Allen and loses puck.
13:01 of 3rd period - Minor Penalty to Bryan Allen for High sticking.
13:02 of 3rd period - Jarret Stoll wins face-off versus Byron Bitz in Kings zone.
13:11 of 3rd period - Shot by Mason Raymond.
13:11 of 3rd period - Stopped by Ondrej Pavelec without a rebound.
13:12 of 3rd period - Marc Savard wins face-off versus Byron Bitz in Kings zone.
14:10 of 3rd period - Icing by Marek Zidlicky.
14:11 of 3rd period - Alex Tanguay wins face-off versus Matt Duchene in Sharks zone.
14:16 of 3rd period - Shot by Marek Zidlicky.
14:16 of 3rd period - Shot Blocked by Michael Del Zotto.
14:55 of 3rd period - Icing by Bryan McCabe.
14:56 of 3rd period - Craig Conroy wins face-off versus Marc Savard in Sharks zone.
15:18 of 3rd period - Off-side.
15:19 of 3rd period - Daniel Winnik wins face-off versus Jarret Stoll in neutral zone.
15:28 of 3rd period - Shot by Blake Comeau.
15:28 of 3rd period - Stopped by Ondrej Pavelec without a rebound.
15:29 of 3rd period - Jarret Stoll wins face-off versus Matt Duchene in Kings zone.
15:29 of 3rd period - Minor Penalty to Michael Del Zotto for Hooking.
15:30 of 3rd period - Marc Savard wins face-off versus Craig Conroy in Kings zone.
15:41 of 3rd period - Shot by Marc Savard.
15:41 of 3rd period - Shot Misses the Net.
15:43 of 3rd period - Shot by Mason Raymond.
15:43 of 3rd period - Stopped by Ondrej Pavelec without a rebound.
15:44 of 3rd period - Jarret Stoll wins face-off versus Matt Duchene in Kings zone.
15:45 of 3rd period - Shot by Marek Zidlicky.
15:45 of 3rd period - Shot Misses the Net.
15:47 of 3rd period - Shot by Marek Zidlicky.
15:47 of 3rd period - Stopped by Ondrej Pavelec without a rebound.
15:48 of 3rd period - Matt Duchene wins face-off versus Jarret Stoll in Kings zone.
16:08 of 3rd period - Minor Penalty to Jarret Stoll for Tripping.
16:09 of 3rd period - Marc Savard wins face-off versus Matt Duchene in Sharks zone.
16:16 of 3rd period - Shot by Marc Savard.
16:16 of 3rd period - Stopped by Ondrej Pavelec without a rebound.
16:17 of 3rd period - Daniel Winnik wins face-off versus Shane Doan in Kings zone.
16:26 of 3rd period - Shot by Daniel Winnik.
16:26 of 3rd period - Stopped by Martin Brodeur without a rebound.
16:27 of 3rd period - Marc Savard wins face-off versus Matt Duchene in Sharks zone.
17:50 of 3rd period - Shot by Ethan Moreau.
17:50 of 3rd period - Shot Misses the Net.
17:52 of 3rd period - Shot by Bryan Allen.
17:52 of 3rd period - Stopped by Martin Brodeur with a rebound.
17:56 of 3rd period - Shot by Mike Lundin.
17:56 of 3rd period - Deflect By Daniel Winnik.
17:56 of 3rd period - Shot Blocked by Marek Zidlicky.
17:58 of 3rd period - Shot by Daniel Winnik.
17:58 of 3rd period - Shot Blocked by Marek Zidlicky.
18:11 of 3rd period - Minor Penalty to Jarret Stoll for Hooking.
18:12 of 3rd period - Kamil Kreps wins face-off versus Matt Duchene in Sharks zone.
18:12 of 3rd period - Kamil Kreps is hit by Sean Bergenheim.
18:55 of 3rd period - Off-side.
18:56 of 3rd period - Darroll Powe wins face-off versus Marc Savard in neutral zone.
19:14 of 3rd period - Shot by Darroll Powe.
19:14 of 3rd period - Goal by Darroll Powe - Sharks : 1 - Kings : 2.
19:15 of 3rd period - Matt Duchene wins face-off versus Jarret Stoll in neutral zone.
19:54 of 3rd period - Sharks, Martin Brodeur is pulled from the net.
19:59 of 3rd period - Icing by Kent Huskins.


Output by the SimonT Hockey Simulator (STHS) for Stephane Roy -- Original Page W3C XHTML 1.0 Valid